Map: Chain of Ascension

Players

ViS

  • Race: Zerg Zerg

TheOutsider

  • Race: Protoss Protoss
  • Spawn Location: 11:00

VOD

Have the link to the VOD?

Description

Time

  • Played on: Jan. 19, 2018, 10:31 p.m.
  • Length: 16:35
Show
View Real Time Build Order
Export as new Build Order

ViS Zerg 

Build Orders:  

Get SALT Encoding   

  18  0:03  Primal Drone  
  19  0:13  Primal Drone  
  19  0:19  Primal Drone  
  21  0:31  Extractor  
  21  0:53  Primal Warden  
  21  0:59  Primal Drone  
  23  1:08  Primal Drone  
  23  1:09  Primal Drone  
  25  1:20  Primal Drone  
  25  1:22  Primal Drone  
  27  1:32  Extractor  
  27  2:00  Primal Drone  
  27  2:01  Glevig's Den  
  27  2:29  Primal Drone x3  
  30  2:41  Primal Drone  
  31  3:06  Primal Drone  
  32  3:14  Primal Drone  
  33  3:30  Primal Drone  
  33  3:37  Murvar's Den  
  38  4:04  Primal Hive  
  38  4:12  Primal Drone x2  
  34  4:38  Primal Drone  
  34  4:39  Primal Drone  
  42  4:57  Primal Drone  
  43  5:04  Primal Hive  
  43  5:07  Primal Warden  
  43  5:38  Primal Warden  
  43  6:19  Primal Drone  
  44  6:20  Primal Drone x4, Dakrun's Den  
  44  6:21  Primal Swarm Host  
  44  6:22  Primal Swarm Host x4  
  44  6:25  Primal Swarm Host  
  61  6:38  Primal Drone  
  62  6:40  Primal Attacks Level 1  
  62  6:48  Primal Drone  
  63  7:07  Primal Drone  
  64  7:22  Primal Drone  
  64  7:24  Aerial Burst Sacs  
  64  7:28  Primal Drone  
  66  7:33  Primal Hive  
  66  7:34  Extractor x2  
  66  7:36  Primal Drone x2  
  68  8:10  Primal Drone x6  
  68  8:17  Primal Drone x2  
  71  8:25  Primal Swarm Host  
  71  8:26  Primal Swarm Host  
  77  9:04  Primal Swarm Host x5  
  92  9:23  Primal Swarm Host x2  
  92  9:24  Primal Swarm Host  
  101  9:43  Primal Drone  
  101  9:44  Primal Drone x7  
  101  9:47  Primal Drone  
  100  10:01  Primal Drone x3  
  103  11:01  Primal Swarm Host x9  
  130  11:20  Primal Swarm Host x2  
  137  11:45  Primal Wurm  
  137  12:04  Primal Swarm Host x4  
  149  12:42  Primal Drone x5  
  149  12:43  Primal Attacks Level 2, Primal Drone x5  
  155  13:30  Primal Swarm Host  
  155  13:31  Primal Swarm Host x5  
  155  13:35  Primal Wurm  
  155  13:37  Primal Drone x2  
  155  13:38  Primal Drone  
  177  13:40  Primal Wurm  
  177  13:41  Primal Wurm  
  177  14:39  Primal Swarm Host x7  
  181  14:44  Primal Drone  
  181  14:45  Primal Drone x8  
Show
View Real Time Build Order
Export as new Build Order

TheOutsider Protoss 

Build Orders:  

Get SALT Encoding   

  12  0:04  Probe (Chrono Boost)  
Tags
 
Add a new tag
Caveats
  • Supply blocks, unpowered buildings, or Contaminate may cause inaccurate times.
  • Supply counts are checked every 10 seconds.